 Dungeon Crawl Stone Soup version 0.30-a0-737-gf23d94013f (webtiles) character file.

Game seed: 17210478020051210735

2146 retardedninja the Protected (level 9, -1/60 HPs)
             Began as a Gargoyle Fighter on Feb 2, 2023.
             Slain by a wight
             ... wielding a +2 scimitar
              (2 damage)
             ... on level 7 of the Dungeon.
             The game lasted 00:09:13 (6877 turns).

retardedninja the Protected (Gargoyle Fighter)      Turns: 6877, Time: 00:09:14

Health: -1/60      AC: 26    Str: 25    XL:     9   Next: 31%
Magic:  18/18      EV:  8    Int:  8    God:
Gold:   365        SH:  5    Dex:  9    Spells: 8/8 levels left

rFire   . . .      SeeInvis .    a - +0 flail
rCold   . . .      Faith    .    c - +0 buckler
rNeg    + . .      Spirit   .    u - +1 chain mail "Niskyp" {MP+9}
rPois   ∞          Reflect  .    g - +0 helmet
rElec   +          Harm     .    m - +0 cloak
rCorr   .          Rampage  .    (no gloves)
Will    .....                    j - +0 pair of boots Stlth
                                 (no amulet)
HPRegen 0.30/turn                k - +4 ring of protection
MPRegen 0.16/turn                (no ring)

@: no status effects
A: sickness immunity, AC +6, negative energy resistance 1, electricity
resistance, torment resistance 1, petrification resistance
a: no special abilities


You were on level 7 of the Dungeon.
You visited 1 branch of the dungeon, and saw 7 of its levels.
You also visited: Sewer.

You collected 365 gold pieces.

Inventory:

Hand Weapons
 a - a +0 flail (weapon)
Missiles
 b - 3 throwing nets (quivered)
Armour
 c - a +0 buckler (worn)
 g - a +0 helmet (worn)
 j - a +0 pair of boots (worn)
 m - a +0 cloak (worn)
 u - the +1 chain mail "Niskyp" (worn) {MP+9}
   (You found it on level 5 of the Dungeon)

   MP:        It affects your magic capacity (+9).
Jewellery
 h - a ring of magical power
 k - a +4 ring of protection (left hand)
Wands
 d - a wand of paralysis (14)
 p - a wand of light (6)
Scrolls
 e - a scroll of torment
 i - 3 scrolls of silence
 o - a scroll of blinking {unknown}
 q - a scroll of teleportation
 r - 2 scrolls of enchant weapon {unknown}
 t - 3 scrolls of fog
 v - a scroll of immolation {unknown}
 w - a scroll of amnesia
Potions
 f - 3 potions of curing {unknown}
 l - a potion of brilliance
 n - a potion of might
 s - 2 potions of mutation
 x - a potion of flight {unknown}
 z - 2 potions of magic


   Skills:
 + Level 9.0 Fighting
 + Level 8.0 Maces & Flails
 + Level 9.1 Armour
 + Level 9.1 Shields


You had 8 spell levels left.
You didn't know any spells.
Your spell library contained the following spells:

 Spells                   Type           Power      Damage    Failure   Level
 Apportation              Tloc           0%         N/A       95%         1
 Necrotise                Necr           0%         1d4       95%         1
 Summon Small Mammal      Summ           0%         N/A       95%         1
 Ensorcelled Hibernation  Hex/Ice        0%         N/A       99%         2
 Passwall                 Tmut/Erth      0%         N/A       99%         2
 Swiftness                Air            0%         N/A       100%        3
 Manifold Assault         Tloc           0%         N/A       100%        4
 Dispersal                Tloc           0%         N/A       100%        6
 Disjunction              Tloc           0%         N/A       100%        8


Dungeon Overview and Level Annotations

Branches:
Dungeon (7/15)             Temple (0/1) D:6           Sewer (visited)

Altars:
Ashenzari
Dithmenos
Makhleb
Ru
Yredelemnul

Shops:
D:3 (

Annotations:
D:5 2 transporters, Iich's ghost, novice MiFi


Innate Abilities, Weirdness & Mutations

You are immune to sickness and miasma.
Your stone body is resilient. (AC +6)
You are immune to poison.
You resist negative energy. (rN+)
You are resistant to electric shocks. (rElec)
You are resistant to unholy torment.
You are immune to petrification.


Message History

You sock the wight!
You destroy the wight!
You block the wight's attack. x2; The wight closely misses you.
The wight barely misses you. The wight hits you but does no damage.
The wight closely misses you.
Things that are here:
a +3 long sword of freezing; a +0 robe of willpower The wight closely misses you.
The wight hits you with a +5 flail! The wight attacks as you move away!
The wight hits you with a +5 flail. The wight attacks as you move away!
The wight barely misses you.
You are too injured to fight recklessly!
The wight hits you but does no damage. x2
You hit the wight but do no damage. The wight hits you but does no damage.
The wight closely misses you. The wight hits you but does no damage.
You closely miss the wight. The wight hits you but does no damage.
The wight hits you with a +5 flail!
* * * LOW HITPOINT WARNING * * *
The wight hits you with a +0 short sword.
* * * LOW HITPOINT WARNING * * *
You barely miss the wight.
The wight hits you but does no damage. x3
You sock the wight!
The wight is severely damaged.
You block the wight's attack. The wight hits you but does no damage.
The wight closely misses you.
You hit the wight but do no damage.
The wight is severely damaged.
The wight closely misses you.
The wight hits you but does no damage. x2
You barely miss the wight.
The wight is severely damaged.
The wight barely misses you. The wight hits you with a +5 flail!
* * * LOW HITPOINT WARNING * * *
You block the wight's attack.
You sock the wight!
You destroy the wight!
The wight hits you with a +2 scimitar.
* * * LOW HITPOINT WARNING * * *
The wight hits you but does no damage.
Your Maces & Flails skill increases to level 8!
The wight hits you with a +2 scimitar.
You die...

≈.≈.≈.≈.§.§#.##...>........###..
.≈...≈...≈.#.####...............
≈.≈§≈.≈.≈.≈..# #.#####.#.......
...§...≈...### #.. #.#..###.#
≈.≈.≈.≈.≈.≈#######. # .....# #.#
.≈...≈...≈.##....##.##..##.. .
≈.§.≈.≈.≈.###...$##.....##..##
..........# #........#.#....#
#########.# #..@..#.... #.#
#..zz....# #.# #....#...# #.#
#..).#...# #.# #....# ..._ #.#
#....##..#.# #.# ###......# .
#.# #.###.## #.# #.# #


You could see 2 wights.

Vanquished Creatures
  A water moccasin (D:5)
  A black bear (D:4)
  3 sky beasts
  An ogre (D:6)
  A gnoll sergeant (D:6)
  2 bullfrogs (Sewer)
  2 scorpions
  2 necrophages (D:6)
  2 wights (D:7)
  2 howler monkeys (D:6)
  A jelly (D:7)
  A lava snake (D:7)
  An orc priest (D:4)
  Jessica (D:3)
  3 iguanas
  Ijyb (D:3)
  5 orc wizards
  12 river rats
  11 adders
  9 gnolls
  An ufetubus (D:7)
  4 worms
  A dart slug (D:2)
  19 orcs
  4 endoplasms
  4 giant cockroaches
  7 goblins
  5 hobgoblins
  7 kobolds
  9 quokkas
  12 ball pythons
  5 bats
  7 frilled lizards
  28 rats
175 creatures vanquished.

Notes
Turn   | Place    | Note
-------+----------+-------------------------------------------
     0 | D:1      | retardedninja the Gargoyle Fighter began the quest for the
                  | Orb.
     0 | D:1      | Reached XP level 1. HP: 14/14 MP: 1/1
   128 | D:1      | Reached XP level 2. HP: 19/19 MP: 2/2
   761 | D:2      | Reached XP level 3. HP: 20/24 MP: 3/3
  1347 | D:3      | Reached XP level 4. HP: 29/29 MP: 4/4
  1477 | D:3      | Noticed Jessica
  1485 | D:3      | Killed Jessica
  1598 | D:3      | Reached XP level 5. HP: 32/33 MP: 5/5
  1798 | D:3      | Found Iptatod's Antique Weapon Emporium.
  1955 | D:3      | Noticed Ijyb
  1957 | D:3      | Paralysed by Ijyb for 5 turns
  1974 | D:3      | Killed Ijyb
  2478 | D:4      | Reached XP level 6. HP: 34/39 MP: 6/6
  2485 | D:4      | Reached XP level 7. HP: 26/50 MP: 7/7
  3643 | D:5      | Entered Level 5 of the Dungeon
  3769 | D:5      | Found a burning altar of Makhleb.
  3873 | D:5      | Identified the +1 chain mail "Niskyp" {MP+9}
  3903 | D:5      | Reached XP level 8. HP: 55/55 MP: 8/8
  4260 | D:5      | Found a transporter.
  4260 | D:5      | Noticed Iich's ghost (novice MiFi)
  4267 | D:5      | Found a transporter.
  4333 | D:5      | Found a broken altar of Ashenzari.
  4408 | D:5      | Found a sacrificial altar of Ru.
  4725 | D:6      | Found a staircase to the Ecumenical Temple.
  4741 | D:6      | Found a basalt altar of Yredelemnul.
  4811 | D:6      | Found a glowing drain.
  4822 | Sewer    | Entered a sewer
  5979 | D:6      | Paralysed by a gnoll for 3 turns
  5983 | D:6      | Reached XP level 9. HP: 43/60 MP: 9/9
  6852 | D:7      | Found a shadowy altar of Dithmenos.
  6876 | D:7      | HP: 1/60 [wight/+2 scimitar (4)]
  6877 | D:7      | Slain by a wight

Illustrated notes

Levels and vault maps discovered:
D:1:      wander_arrival_peaceful_grave, layout_basic
D:2:      layout_basic, minmay_misc_feat_tower
D:3:      layout_basic, serial_shops, nicolae_shop_advertising_works
          [nicolae_subvault_shop_adworks], serial_corexii_hall,
          corexii_hall_statues_i, corexii_hall_statues_i, serial_bayou_pond_b,
          uniq_ijyb, uniq_jessica
D:4:      layout_layer_cave
D:5:      layout_cave_pools, mainiacjoe_overflow_24_doors,
          ashenzari_conservatory_becter, nicolae_ru_path_of_blood,
          gammafunk_ghost_smash
D:6:      layout_gridville, mainiacjoe_overflow_concentric_impassable,
          minmay_temple_entry_purple_smoke, gup_sewer_entry_bubbles,
          grunt_decor_arrowhead, minmay_statues_item, supply_closet_lemuel,
          minmay_misc_feat_five
D:7:      layout_rooms, lemuel_crystal_altar, kennysheep_crisscross,
          kennysheep_generic_room_5

Skill      XL: |  1  2  3  4  5  6  7  8  9 |
---------------+----------------------------+-----
Fighting       | 4 8 9 |  9.0
Armour         | 4 8 9 |  9.1
Shields        | 4 8 9 |  9.1
Maces & Flails | 3 7 8 |  8.0

Action                     |  1- 3 |  4- 6 |  7- 9 || total
---------------------------+-------+-------+-------++-------
  Melee: Flail             |   120 |   133 |   507 ||   760
    Use: Potion            |     3 |     4 |     2 ||     9
         Scroll            |       |       |    10 ||    10
 Armour: Scale mail        |    84 |       |       ||    84
         Chain mail        |     8 |    90 |   533 ||   631
  Dodge: Dodged            |    66 |    38 |   305 ||   409
  Block: Buckler           |    29 |    20 |   212 ||   261

Table legend: (Time is in decaauts)
 A = Elapsed time spent in this place.
 B = Non-inter-level travel time spent in this place.
 C = Inter-level travel time spent in this place.
 D = Time resting spent in this place.
 E = Time spent auto-exploring this place.
 F = Levels seen in this place.
 G = Mean time per level.
                   A        B        C        D        E       F      G
               +--------+--------+--------+--------+--------+-----+--------+
         Total |   7035 |   6876 |    159 |   1501 |   3820 |   8 |  879.4 |
       Dungeon |   6556 |   6397 |    159 |   1501 |   3698 |   7 |  936.6 |
         Sewer |    479 |    479 |      0 |      0 |    121 |   1 |  479.0 |
               +--------+--------+--------+--------+--------+-----+--------+

Top non-repeatable levels by time:
     D:6: 1381 daAuts
     D:4: 1374 daAuts
     D:3: 961 daAuts
     D:5: 922 daAuts
     D:2: 768 daAuts
     D:1: 606 daAuts
     D:7: 540 daAuts
   Sewer: 479 daAuts
